[ AOE2 MATCH · #469977556 ]
UnrankedMaya vs Saracens
[ REPLAY ANALYSIS · EXTRACTED FROM THE RECORDED GAME ]
Feudal
11:37
Castle
28:13
Imperial
—
| APM avg | 44.0 |
| APM peak | 118 |
| eAPM avg | 15.0 |
| Villagers / military | 84 / 69 |
Focus
⚔️ 38.4% · 🌾 61.6%
Archer ×43 · Plumed Archer ×8 · Galley ×5 · Eagle Scout ×5 · Fishing Ship ×5 · Monk ×4
Feudal
14:00
Castle
19:16
Imperial
41:32
| APM avg | 28.7 |
| APM peak | 54 |
| eAPM avg | 17.7 |
| Villagers / military | 130 / 115 |
Focus
⚔️ 29.0% · 🌾 71.0%
Fire Lancer ×46 · Rattan Archer ×44 · Fishing Ship ×17 · Battering Ram ×13 · Mangonel ×6 · Trebuchet (Packed) ×6
Feudal
13:19
Castle
18:36
Imperial
—
| APM avg | 22.9 |
| APM peak | 48 |
| eAPM avg | 15.3 |
| Villagers / military | 83 / 4 |
Focus
⚔️ 35.6% · 🌾 64.4%
Fishing Ship ×13 · Scorpion ×2 · Mangonel ×1 · Demolition Raft ×1
Feudal
14:57
Castle
22:22
Imperial
40:03
| APM avg | 31.5 |
| APM peak | 65 |
| eAPM avg | 15.5 |
| Villagers / military | 108 / 71 |
Focus
⚔️ 26.6% · 🌾 73.4%
Composite Bowman ×43 · Galley ×18 · Unknown (2626) ×9 · Fishing Ship ×8 · Mangonel ×4 · Monk ×3
Feudal
12:40
Castle
20:49
Imperial
39:43
| APM avg | 32.8 |
| APM peak | 65 |
| eAPM avg | 19.3 |
| Villagers / military | 127 / 17 |
Focus
⚔️ 23.9% · 🌾 76.1%
Iron Pagoda ×11 · Fishing Ship ×9 · War Wagon ×3 · Trebuchet (Packed) ×3 · Unknown (2626) ×1
Feudal
13:06
Castle
18:28
Imperial
38:19
| APM avg | 18.6 |
| APM peak | 45 |
| eAPM avg | 13.6 |
| Villagers / military | 126 / 127 |
Focus
⚔️ 34.9% · 🌾 65.1%
Knight ×119 · Fishing Ship ×16 · Conquistador ×4 · Unknown (2626) ×2 · Trebuchet (Packed) ×2 · Fire Galley ×1
Feudal
14:15
Castle
19:04
Imperial
34:55
| APM avg | 36.7 |
| APM peak | 75 |
| eAPM avg | 21.8 |
| Villagers / military | 238 / 176 |
Focus
⚔️ 24.7% · 🌾 75.3%
War Elephant ×96 · Galley ×45 · Camel Scout ×25 · Fishing Ship ×22 · Demolition Raft ×10
Feudal
14:32
Castle
18:41
Imperial
37:22
| APM avg | 30.1 |
| APM peak | 83 |
| eAPM avg | 15.0 |
| Villagers / military | 94 / 69 |
Focus
⚔️ 32.3% · 🌾 67.7%
Camel Archer ×65 · Fishing Ship ×9 · Trebuchet (Packed) ×4
Match map
Initial resources + every placement click. Lines = walls · curves = elevation contours. ◆ gold · ⬟ stone · ● berries · ✦ relic · ◌ wall gap
Your base· Open — unwalled flank
自由人生's base· Open — 5t gap
chiken's base· Open — 5t gap
RVN_twitch.tv/WES_XL's base· Open — 6t gap
Simp Bizkit's base· Open — 12t gap
Carter Mc's base· Open — unwalled flank
friendly Alpaca's base· Open — 7t gap
TheNoobster's base· Open — 5t gap
Smoothed initial terrain · ◌ = detected wall gap · hover for details
Inputs per minute
— VinceVinVin - - 自由人生
Build order — VinceVinVin
First 150 of 240 actions detected
| 0:07 | Build | Town Center |
| 2:28 | Build | Dock |
| 2:30 | Build | House |
| 2:36 | Create | Villager (Male) |
| 2:36 | Create | Villager (Male) |
| 2:36 | Create | Villager (Male) |
| 2:37 | Create | Villager (Male) |
| 3:36 | Create | Fishing Ship |
| 3:47 | Research | Loom |
| 4:20 | Create | Villager (Male) |
| 4:20 | Create | Villager (Male) |
| 4:31 | Create | Fishing Ship |
| 4:49 | Build | House |
| 5:01 | Create | Villager (Male) |
| 5:01 | Create | Villager (Male) |
| 5:31 | Create | Villager (Male) |
| 5:31 | Create | Villager (Male) |
| 6:04 | Create | Villager (Male) |
| 6:05 | Create | Villager (Male) |
| 6:05 | Create | Fishing Ship |
| 6:17 | Build | House |
| 6:36 | Create | Villager (Male) |
| 6:37 | Create | Villager (Male) |
| 6:59 | Create | Villager (Male) |
| 6:59 | Create | Villager (Male) |
| 7:00 | Create | Fishing Ship |
| 7:18 | Create | Villager (Male) |
| 7:18 | Create | Villager (Male) |
| 7:41 | Create | Villager (Male) |
| 7:42 | Create | Fishing Ship |
| 8:11 | Create | Villager (Male) |
| 8:21 | Build | House |
| 8:34 | Build | Lumber Camp |
| 8:37 | Create | Villager (Male) |
| 9:27 | Research | Feudal Age |
| 9:27 | Research | Feudal Age |
| 9:57 | Build | Mining Camp |
| 10:07 | Create | Villager (Male) |
| 10:27 | Build | Barracks |
| 10:43 | Create | Villager (Male) |
| 11:37 | Age | Feudal Age |
| 11:38 | Build | Mining Camp |
| 11:45 | Build | Archery Range |
| 11:53 | Create | Villager (Male) |
| 11:54 | Research | Double-Bit Axe |
| 12:08 | Create | Galley |
| 12:09 | Create | Galley |
| 12:28 | Create | Villager (Male) |
| 12:36 | Build | Archery Range |
| 12:39 | Create | Archer |
| 12:51 | Build | House |
| 13:00 | Build | House |
| 13:16 | Create | Galley |
| 13:17 | Create | Villager (Male) |
| 13:22 | Build | House |
| 13:25 | Create | Villager (Male) |
| 13:26 | Create | Archer |
| 13:33 | Create | Archer |
| 13:33 | Create | Archer |
| 13:36 | Build | House |
| 13:39 | Create | Villager (Male) |
| 13:57 | Create | Archer |
| 14:04 | Research | Town Watch |
| 14:12 | Build | Blacksmith |
| 14:16 | Create | Villager (Male) |
| 14:28 | Create | Villager (Male) |
| 14:30 | Create | Archer |
| 14:31 | Create | Archer |
| 14:45 | Create | Villager (Male) |
| 14:51 | Create | Archer |
| 14:51 | Create | Archer |
| 15:55 | Create | Villager (Male) |
| 15:55 | Create | Villager (Male) |
| 16:07 | Build | House |
| 16:07 | Build | House |
| 16:09 | Create | Villager (Male) |
| 16:15 | Create | Archer |
| 16:15 | Create | Archer |
| 16:22 | Build | House |
| 16:24 | Research | Fletching |
| 16:42 | Create | Archer |
| 16:43 | Create | Archer |
| 16:47 | Build | House |
| 18:14 | Create | Villager (Male) |
| 18:14 | Create | Villager (Male) |
| 18:16 | Build | Lumber Camp |
| 18:18 | Build | Mill |
| 18:23 | Create | Archer |
| 18:23 | Create | Archer |
| 18:23 | Create | Archer |
| 18:25 | Create | Archer |
| 18:33 | Build | House |
| 19:13 | Build | Outpost |
| 19:38 | Create | Villager (Male) |
| 19:38 | Create | Villager (Male) |
| 19:44 | Build | House |
| 19:45 | Create | Villager (Male) |
| 21:02 | Create | Villager (Male) |
| 21:05 | Build | Mill |
| 21:40 | Create | Villager (Male) |
| 21:43 | Create | Villager (Male) |
| 21:44 | Create | Archer |
| 21:45 | Create | Archer |
| 21:50 | Build | Mill |
| 22:07 | Create | Archer |
| 22:07 | Create | Archer |
| 22:10 | Create | Galley |
| 22:11 | Create | Galley |
| 22:48 | Create | Archer |
| 22:48 | Create | Archer |
| 23:16 | Create | Villager (Male) |
| 23:18 | Research | Wheelbarrow |
| 23:31 | Build | Market |
| 23:58 | Research | Padded Archer Armor |
| 23:59 | Create | Villager (Male) |
| 24:24 | Create | Villager (Male) |
| 24:26 | Build | House |
| 24:30 | Create | Villager (Male) |
| 25:22 | Create | Villager (Male) |
| 25:33 | Research | Castle Age |
| 25:33 | Research | Castle Age |
| 25:35 | Create | Archer |
| 25:35 | Create | Archer |
| 25:35 | Create | Archer |
| 25:42 | Create | Eagle Scout |
| 25:42 | Create | Eagle Scout |
| 25:52 | Build | Mining Camp |
| 25:53 | Create | Villager (Male) |
| 26:15 | Create | Archer |
| 26:16 | Create | Archer |
| 27:11 | Create | Villager (Male) |
| 27:14 | Research | Horse Collar |
| 27:15 | Build | Farm |
| 27:15 | Build | Farm |
| 27:16 | Build | Farm |
| 27:16 | Build | Farm |
| 27:16 | Build | Farm |
| 27:17 | Build | Farm |
| 27:17 | Build | Farm |
| 27:17 | Build | Farm |
| 27:37 | Create | Archer |
| 27:37 | Create | Archer |
| 27:39 | Create | Villager (Male) |
| 28:02 | Create | Eagle Scout |
| 28:03 | Create | Eagle Scout |
| 28:03 | Create | Eagle Scout |
| 28:13 | Age | Castle Age |
| 28:17 | Research | Bodkin Arrow |
| 29:32 | Build | House |
| 29:55 | Create | Archer |
Build order — 自由人生
First 150 of 353 actions detected
| 0:16 | Build | Town Center |
| 0:55 | Build | Dock |
| 1:01 | Build | House |
| 2:30 | Create | Villager (Male) |
| 2:30 | Create | Villager (Male) |
| 2:30 | Create | Villager (Male) |
| 2:31 | Create | Villager (Male) |
| 2:31 | Create | Villager (Male) |
| 3:34 | Create | Fishing Ship |
| 3:34 | Create | Fishing Ship |
| 4:11 | Create | Villager (Male) |
| 4:12 | Create | Villager (Male) |
| 4:18 | Build | House |
| 4:37 | Create | Villager (Male) |
| 4:37 | Create | Villager (Male) |
| 5:00 | Create | Villager (Male) |
| 5:00 | Create | Villager (Male) |
| 5:25 | Create | Villager (Male) |
| 5:25 | Create | Villager (Male) |
| 5:27 | Create | Fishing Ship |
| 5:27 | Create | Fishing Ship |
| 5:46 | Create | Villager (Male) |
| 5:51 | Build | House |
| 6:13 | Create | Villager (Male) |
| 6:13 | Create | Villager (Male) |
| 6:14 | Create | Fishing Ship |
| 6:15 | Create | Fishing Ship |
| 6:43 | Create | Villager (Male) |
| 6:44 | Create | Villager (Male) |
| 6:51 | Build | House |
| 7:12 | Create | Villager (Male) |
| 7:13 | Create | Villager (Male) |
| 7:15 | Create | Fishing Ship |
| 7:15 | Create | Fishing Ship |
| 7:26 | Create | Villager (Male) |
| 7:27 | Create | Villager (Male) |
| 7:38 | Create | Villager (Male) |
| 7:38 | Create | Villager (Male) |
| 7:45 | Build | Mill |
| 8:06 | Create | Villager (Male) |
| 8:06 | Create | Villager (Male) |
| 8:08 | Create | Fishing Ship |
| 8:08 | Create | Fishing Ship |
| 8:13 | Create | Villager (Male) |
| 8:24 | Create | Villager (Male) |
| 8:41 | Create | Fishing Ship |
| 8:42 | Create | Fishing Ship |
| 8:59 | Build | House |
| 9:39 | Create | Villager (Male) |
| 9:46 | Create | Fishing Ship |
| 9:54 | Build | House |
| 10:05 | Create | Villager (Male) |
| 10:18 | Build | Lumber Camp |
| 10:24 | Create | Villager (Male) |
| 10:37 | Build | Mining Camp |
| 10:55 | Create | Fishing Ship |
| 10:55 | Create | Fishing Ship |
| 11:00 | Create | Villager (Male) |
| 11:17 | Research | Loom |
| 11:19 | Research | Feudal Age |
| 11:28 | Build | House |
| 11:55 | Create | Fishing Ship |
| 13:04 | Build | Dock |
| 13:31 | Build | Mill |
| 13:40 | Create | Villager (Male) |
| 13:40 | Create | Villager (Male) |
| 14:00 | Age | Feudal Age |
| 14:10 | Build | Market |
| 14:14 | Research | Double-Bit Axe |
| 14:14 | Research | Double-Bit Axe |
| 14:28 | Build | Blacksmith |
| 14:39 | Create | Villager (Male) |
| 14:55 | Build | Lumber Camp |
| 15:00 | Build | House |
| 15:06 | Research | Wheelbarrow |
| 15:06 | Research | Wheelbarrow |
| 15:10 | Create | Fishing Ship |
| 15:35 | Create | Villager (Male) |
| 15:43 | Build | Mining Camp |
| 15:51 | Build | House |
| 16:36 | Research | Castle Age |
| 16:36 | Research | Castle Age |
| 17:33 | Research | Stone Mining |
| 18:11 | Build | Outpost |
| 18:58 | Build | House |
| 19:07 | Create | Villager (Male) |
| 19:16 | Age | Castle Age |
| 19:26 | Build | Castle |
| 19:36 | Research | Bow Saw |
| 19:36 | Research | Bow Saw |
| 19:38 | Create | Villager (Male) |
| 19:38 | Create | Villager (Male) |
| 19:46 | Build | Town Center |
| 19:57 | Research | Fletching |
| 19:57 | Research | Fletching |
| 20:32 | Build | Mining Camp |
| 20:37 | Create | Villager (Male) |
| 20:48 | Create | Villager (Male) |
| 21:00 | Build | Siege Workshop |
| 21:19 | Create | Villager (Male) |
| 21:21 | Create | Villager (Male) |
| 21:22 | Create | Villager (Male) |
| 21:27 | Create | Battering Ram |
| 21:27 | Create | Battering Ram |
| 21:50 | Create | Villager (Male) |
| 22:14 | Create | Villager (Male) |
| 22:17 | Create | Villager (Male) |
| 22:19 | Create | Battering Ram |
| 22:19 | Create | Battering Ram |
| 22:26 | Create | Rattan Archer |
| 22:30 | Create | Villager (Male) |
| 22:44 | Create | Villager (Male) |
| 22:44 | Create | Villager (Male) |
| 22:48 | Create | Rattan Archer |
| 22:56 | Create | Rattan Archer |
| 22:56 | Create | Rattan Archer |
| 22:57 | Create | Rattan Archer |
| 23:11 | Create | Villager (Male) |
| 23:18 | Create | Rattan Archer |
| 23:30 | Create | Villager (Male) |
| 23:31 | Create | Villager (Male) |
| 23:44 | Create | Villager (Male) |
| 23:59 | Build | Farm |
| 24:00 | Build | Farm |
| 24:01 | Build | Farm |
| 24:03 | Create | Villager (Male) |
| 24:04 | Create | Villager (Male) |
| 24:12 | Create | Villager (Male) |
| 24:16 | Create | Rattan Archer |
| 24:17 | Create | Rattan Archer |
| 24:17 | Create | Rattan Archer |
| 24:44 | Create | Villager (Male) |
| 24:45 | Create | Villager (Male) |
| 24:53 | Create | Battering Ram |
| 24:57 | Create | Mangonel |
| 24:57 | Create | Mangonel |
| 25:22 | Create | Villager (Male) |
| 25:22 | Create | Villager (Male) |
| 25:32 | Create | Mangonel |
| 25:32 | Create | Mangonel |
| 26:17 | Create | Villager (Male) |
| 26:23 | Create | Villager (Male) |
| 26:58 | Create | Rattan Archer |
| 26:59 | Create | Rattan Archer |
| 27:39 | Create | Villager (Male) |
| 27:40 | Create | Villager (Male) |
| 27:47 | Build | Farm |
| 27:47 | Build | Farm |
| 27:47 | Build | Farm |
| 27:47 | Build | Farm |
Build order — chiken
First 150 of 156 actions detected
| 0:07 | Build | Town Center |
| 1:17 | Build | Dock |
| 2:14 | Build | House |
| 2:29 | Create | Villager (Male) ×4 |
| 2:30 | Create | Villager (Male) ×4 |
| 4:12 | Create | Villager (Male) |
| 4:12 | Create | Villager (Male) |
| 4:24 | Research | Loom |
| 4:29 | Create | Fishing Ship |
| 4:56 | Create | Villager (Male) |
| 4:56 | Create | Villager (Male) |
| 4:57 | Create | Villager (Male) |
| 4:59 | Build | House |
| 5:53 | Create | Villager (Male) |
| 5:53 | Create | Villager (Male) |
| 5:54 | Create | Villager (Male) |
| 6:15 | Create | Fishing Ship |
| 6:19 | Build | House |
| 6:37 | Create | Villager (Male) |
| 6:53 | Create | Fishing Ship |
| 7:01 | Create | Villager (Male) |
| 7:28 | Create | Villager (Male) |
| 7:34 | Create | Fishing Ship |
| 7:34 | Create | Fishing Ship |
| 7:57 | Create | Villager (Male) |
| 8:06 | Build | House |
| 8:14 | Create | Villager (Male) |
| 8:39 | Build | House |
| 8:43 | Create | Villager (Male) |
| 9:07 | Create | Fishing Ship |
| 9:22 | Create | Villager (Male) |
| 9:51 | Build | Mining Camp |
| 9:54 | Create | Villager (Male) |
| 10:11 | Create | Villager (Male) |
| 10:32 | Create | Villager (Male) |
| 10:59 | Create | Fishing Ship |
| 11:03 | Build | House |
| 11:04 | Research | Feudal Age |
| 11:04 | Research | Feudal Age |
| 11:16 | Build | Outpost |
| 11:30 | Build | Mill |
| 11:59 | Build | Outpost |
| 12:07 | Build | Outpost |
| 12:34 | Build | Outpost |
| 12:55 | Create | Villager (Male) |
| 12:55 | Create | Villager (Male) |
| 13:13 | Build | Outpost |
| 13:19 | Age | Feudal Age |
| 13:22 | Build | Market |
| 13:30 | Research | Town Watch |
| 13:38 | Build | Outpost |
| 13:46 | Build | Outpost |
| 13:48 | Create | Villager (Male) |
| 13:52 | Build | Lumber Camp |
| 14:22 | Build | Watch Tower |
| 14:32 | Build | Mining Camp |
| 14:37 | Create | Villager (Male) |
| 14:53 | Build | Blacksmith |
| 14:56 | Create | Villager (Male) |
| 15:11 | Build | House |
| 15:14 | Build | House |
| 15:15 | Build | Palisade Wall |
| 15:21 | Build | Palisade Wall |
| 15:56 | Research | Castle Age |
| 15:56 | Research | Castle Age |
| 16:13 | Build | Outpost |
| 16:45 | Build | Outpost |
| 16:52 | Build | Watch Tower |
| 16:55 | Create | Villager (Male) |
| 17:00 | Research | Stone Mining |
| 17:06 | Build | House |
| 17:08 | Build | House |
| 17:10 | Build | Palisade Wall |
| 17:12 | Build | Palisade Wall |
| 17:24 | Build | Palisade Wall |
| 17:26 | Build | Palisade Wall |
| 17:50 | Build | House |
| 17:55 | Build | House |
| 18:34 | Build | Gate |
| 18:36 | Age | Castle Age |
| 18:40 | Build | House |
| 20:47 | Create | Villager (Male) |
| 20:47 | Create | Villager (Male) |
| 21:13 | Create | Villager (Male) |
| 21:14 | Create | Villager (Male) |
| 21:25 | Build | House |
| 21:28 | Build | House |
| 21:30 | Build | House |
| 21:44 | Create | Villager (Male) |
| 22:20 | Create | Villager (Male) |
| 22:20 | Create | Villager (Male) |
| 22:47 | Build | Siege Workshop |
| 23:42 | Create | Scorpion |
| 24:15 | Build | House |
| 24:30 | Build | House |
| 24:49 | Build | Outpost |
| 25:18 | Build | Mill |
| 26:03 | Create | Scorpion |
| 27:44 | Build | Outpost |
| 27:57 | Build | Town Center |
| 29:51 | Create | Villager (Male) |
| 29:51 | Create | Villager (Male) |
| 29:56 | Create | Demolition Raft |
| 30:00 | Create | Fishing Ship |
| 30:00 | Create | Fishing Ship |
| 31:05 | Create | Fishing Ship |
| 32:28 | Create | Villager (Male) |
| 32:28 | Create | Villager (Male) |
| 32:28 | Create | Villager (Male) |
| 33:29 | Create | Villager (Male) |
| 33:29 | Create | Villager (Male) |
| 33:52 | Build | House |
| 33:54 | Build | House |
| 34:11 | Build | Watch Tower |
| 34:16 | Create | Villager (Male) |
| 34:21 | Create | Villager (Male) |
| 34:21 | Create | Villager (Male) |
| 34:51 | Create | Villager (Male) |
| 34:55 | Create | Villager (Male) |
| 35:08 | Create | Villager (Male) |
| 35:19 | Create | Villager (Male) |
| 35:44 | Create | Villager (Male) ×2 |
| 35:44 | Create | Villager (Male) ×2 |
| 36:30 | Create | Villager (Male) |
| 36:36 | Research | Fletching |
| 36:36 | Research | Fletching |
| 36:51 | Create | Villager (Male) |
| 36:51 | Create | Villager (Male) |
| 38:14 | Build | Palisade Gate |
| 38:32 | Create | Villager (Male) |
| 38:39 | Create | Villager (Male) |
| 38:39 | Create | Villager (Male) |
| 39:50 | Build | Castle |
| 39:56 | Create | Villager (Male) |
| 39:56 | Create | Villager (Male) |
| 42:15 | Create | Villager (Male) ×3 |
| 42:15 | Create | Villager (Male) ×3 |
| 44:28 | Create | Villager (Male) |
| 44:28 | Create | Villager (Male) |
| 44:28 | Create | Villager (Male) |
| 44:43 | Build | Castle |
| 44:48 | Create | Villager (Male) |
| 45:14 | Build | Lumber Camp |
| 46:05 | Create | Villager (Male) |
| 46:06 | Create | Villager (Male) |
| 46:06 | Create | Villager (Male) |
| 46:09 | Create | Villager (Male) |
| 46:09 | Create | Villager (Male) |
| 46:09 | Create | Villager (Male) |
| 46:22 | Create | Fishing Ship |
Build order — RVN_twitch.tv/WES_XL
First 150 of 263 actions detected
| 0:58 | Build | Town Center |
| 2:04 | Build | Dock |
| 2:06 | Build | House |
| 3:09 | Create | Villager (Male) ×4 |
| 3:10 | Research | Loom |
| 4:08 | Create | Fishing Ship |
| 4:53 | Build | House |
| 5:08 | Create | Villager (Male) |
| 5:32 | Create | Villager (Male) |
| 5:55 | Create | Villager (Male) |
| 6:08 | Create | Fishing Ship |
| 6:19 | Create | Villager (Male) |
| 6:43 | Create | Villager (Male) |
| 6:47 | Build | House |
| 7:04 | Build | Palisade Wall |
| 7:13 | Create | Villager (Male) |
| 7:13 | Create | Villager (Male) |
| 7:21 | Create | Fishing Ship |
| 7:39 | Build | Palisade Wall |
| 7:56 | Create | Villager (Male) |
| 7:56 | Create | Villager (Male) |
| 8:12 | Create | Villager (Male) |
| 8:20 | Create | Fishing Ship |
| 8:22 | Build | House |
| 8:47 | Create | Villager (Male) |
| 9:16 | Build | Mill |
| 9:52 | Create | Villager (Male) |
| 9:52 | Create | Villager (Male) |
| 9:53 | Create | Villager (Male) |
| 9:53 | Create | Villager (Male) |
| 10:08 | Create | Villager (Male) |
| 10:10 | Create | Fishing Ship |
| 10:30 | Build | House |
| 10:36 | Create | Villager (Male) |
| 11:12 | Create | Villager (Male) |
| 11:12 | Create | Villager (Male) |
| 11:13 | Create | Villager (Male) |
| 11:13 | Create | Villager (Male) |
| 12:04 | Build | House |
| 12:25 | Research | Feudal Age |
| 12:55 | Build | Mule Cart |
| 14:53 | Build | Dock |
| 14:57 | Age | Feudal Age |
| 15:00 | Create | Villager (Male) |
| 15:00 | Create | Villager (Male) |
| 15:01 | Create | Villager (Male) |
| 15:04 | Research | Double-Bit Axe |
| 15:06 | Create | Unit 2626 |
| 15:07 | Create | Unit 2626 |
| 15:07 | Create | Unit 2626 |
| 15:30 | Build | House |
| 15:41 | Create | Villager (Male) |
| 15:41 | Create | Villager (Male) |
| 15:46 | Build | Blacksmith |
| 15:58 | Build | House |
| 16:35 | Build | House |
| 16:37 | Build | House |
| 16:47 | Research | Town Watch |
| 16:48 | Create | Villager (Male) |
| 16:48 | Create | Villager (Male) |
| 16:48 | Create | Villager (Male) |
| 16:55 | Build | House |
| 17:02 | Create | Fishing Ship |
| 17:05 | Create | Unit 2626 |
| 17:20 | Create | Unit 2626 |
| 17:31 | Research | Forging |
| 17:32 | Create | Villager (Male) |
| 17:33 | Create | Villager (Male) |
| 17:55 | Create | Unit 2626 |
| 18:08 | Create | Unit 2626 |
| 18:53 | Build | Market |
| 18:55 | Create | Villager (Male) ×5 |
| 19:24 | Research | Stone Mining |
| 19:33 | Research | Castle Age |
| 19:38 | Create | Unit 2626 |
| 20:02 | Create | Unit 2626 |
| 20:16 | Research | Horse Collar |
| 20:25 | Research | Gold Mining |
| 21:20 | Research | Tech 906 |
| 21:25 | Create | Fire Galley |
| 21:25 | Create | Fire Galley |
| 21:41 | Create | Galley |
| 21:42 | Create | Galley |
| 22:22 | Age | Castle Age |
| 22:23 | Research | War Galley (upgrade) |
| 22:24 | Research | Iron Casting |
| 22:26 | Create | Villager (Male) |
| 22:26 | Create | Villager (Male) |
| 22:29 | Create | Villager (Male) |
| 22:43 | Build | Town Center |
| 22:56 | Build | House |
| 22:57 | Build | House |
| 23:13 | Build | House |
| 23:15 | Build | House |
| 23:25 | Create | Villager (Male) |
| 23:25 | Create | Villager (Male) |
| 23:36 | Research | Bow Saw |
| 23:50 | Create | Villager (Male) |
| 24:05 | Create | Villager (Male) |
| 24:14 | Build | Town Center |
| 24:22 | Build | Castle |
| 24:34 | Create | Fishing Ship |
| 24:42 | Create | Villager (Male) ×5 |
| 25:02 | Research | Gold Shaft Mining |
| 25:06 | Research | Fletching |
| 25:27 | Create | Composite Bowman ×4 |
| 25:40 | Build | House |
| 25:44 | Build | House |
| 25:45 | Build | House |
| 25:47 | Create | Villager (Male) |
| 25:47 | Create | Villager (Male) |
| 25:48 | Create | Villager (Male) |
| 25:49 | Create | Villager (Male) |
| 25:49 | Create | Villager (Male) |
| 25:49 | Create | Villager (Male) |
| 25:58 | Build | Farm |
| 25:58 | Build | Farm |
| 25:58 | Build | Farm |
| 25:59 | Build | Farm |
| 25:59 | Build | Farm |
| 26:18 | Build | Farm |
| 26:21 | Build | Monastery |
| 26:57 | Build | Dock |
| 27:06 | Research | Gillnets |
| 27:10 | Create | Galley |
| 27:12 | Create | Composite Bowman ×3 |
| 27:14 | Create | Monk |
| 27:22 | Create | Villager (Male) |
| 27:22 | Create | Villager (Male) |
| 27:22 | Create | Villager (Male) |
| 27:44 | Build | Castle |
| 27:46 | Build | Farm |
| 27:49 | Build | Farm |
| 27:54 | Research | Heavy Plow |
| 27:58 | Build | Farm |
| 27:59 | Build | Farm |
| 28:03 | Build | Farm |
| 28:05 | Build | Farm |
| 28:23 | Create | Fishing Ship |
| 28:33 | Create | Galley |
| 28:33 | Create | Galley |
| 28:33 | Create | Galley |
| 28:35 | Create | Villager (Male) |
| 28:35 | Create | Villager (Male) |
| 28:35 | Create | Villager (Male) |
| 28:35 | Create | Villager (Male) |
| 29:07 | Create | Composite Bowman ×2 |
| 29:10 | Build | Farm |
| 29:26 | Create | Galley |
| 29:27 | Create | Galley |
Build order — Simp Bizkit
First 150 of 261 actions detected
| 0:21 | Build | Town Center |
| 1:05 | Build | Dock |
| 2:09 | Build | House |
| 2:35 | Create | Villager (Male) |
| 2:52 | Create | Villager (Male) |
| 3:08 | Create | Villager (Male) |
| 3:18 | Create | Villager (Male) |
| 3:46 | Build | House |
| 3:58 | Build | House |
| 4:26 | Create | Fishing Ship |
| 4:52 | Create | Villager (Male) |
| 4:57 | Create | Villager (Male) |
| 5:39 | Create | Villager (Male) |
| 5:53 | Create | Villager (Male) |
| 5:58 | Build | House |
| 6:31 | Create | Villager (Male) |
| 6:41 | Create | Fishing Ship |
| 6:47 | Create | Villager (Male) |
| 6:54 | Create | Villager (Male) |
| 7:10 | Build | House |
| 7:19 | Create | Villager (Male) |
| 7:30 | Create | Villager (Male) |
| 7:32 | Create | Fishing Ship |
| 7:54 | Build | House |
| 7:57 | Create | Villager (Male) |
| 8:35 | Create | Fishing Ship |
| 8:35 | Create | Villager (Male) |
| 9:10 | Build | House |
| 9:28 | Build | Mill |
| 9:32 | Build | Palisade Wall |
| 9:33 | Build | Palisade Wall |
| 9:40 | Create | Villager (Male) |
| 10:05 | Research | Loom |
| 10:14 | Research | Feudal Age |
| 10:27 | Build | House |
| 10:42 | Create | Fishing Ship |
| 10:50 | Build | House |
| 11:26 | Build | Mining Camp |
| 12:31 | Build | Palisade Wall |
| 12:37 | Build | Palisade Wall |
| 12:40 | Age | Feudal Age |
| 12:43 | Build | House |
| 12:51 | Create | Villager (Male) |
| 12:58 | Build | Watch Tower |
| 12:59 | Create | Villager (Male) |
| 13:03 | Create | Villager (Male) |
| 13:06 | Create | Villager (Male) |
| 13:13 | Build | Blacksmith |
| 13:33 | Build | Palisade Wall |
| 13:35 | Build | Palisade Wall |
| 13:36 | Create | Villager (Male) |
| 13:44 | Create | Villager (Male) |
| 13:45 | Create | Fishing Ship |
| 13:54 | Create | Villager (Male) |
| 14:11 | Build | Mining Camp |
| 14:11 | Create | Villager (Male) |
| 14:18 | Build | House |
| 14:25 | Build | House |
| 14:34 | Build | Watch Tower |
| 14:38 | Create | Villager (Male) |
| 14:44 | Build | Palisade Wall |
| 14:49 | Build | Palisade Wall |
| 14:51 | Build | Palisade Wall |
| 14:54 | Build | Palisade Wall |
| 14:55 | Create | Villager (Male) |
| 14:59 | Create | Villager (Male) |
| 15:02 | Create | Fishing Ship |
| 15:09 | Create | Villager (Male) |
| 15:20 | Create | Villager (Male) |
| 15:23 | Research | Fletching |
| 15:25 | Create | Villager (Male) |
| 15:30 | Create | Villager (Male) |
| 15:45 | Create | Villager (Male) |
| 15:51 | Create | Fishing Ship |
| 16:15 | Create | Villager (Male) |
| 16:23 | Build | Mill |
| 16:28 | Create | Villager (Male) |
| 16:38 | Build | Market |
| 16:39 | Create | Villager (Male) |
| 16:58 | Create | Villager (Male) |
| 17:05 | Create | Villager (Male) |
| 17:15 | Create | Villager (Male) |
| 17:38 | Create | Fishing Ship |
| 18:09 | Research | Castle Age |
| 18:42 | Build | Palisade Wall |
| 18:43 | Build | Palisade Wall |
| 18:47 | Build | Palisade Wall |
| 19:02 | Build | Outpost |
| 19:26 | Build | Outpost |
| 19:33 | Build | Outpost |
| 19:34 | Create | Villager (Male) |
| 20:21 | Create | Villager (Male) |
| 20:49 | Age | Castle Age |
| 20:54 | Build | Castle |
| 20:55 | Create | Villager (Male) |
| 21:06 | Create | Villager (Male) |
| 21:14 | Build | Siege Workshop |
| 21:14 | Create | Villager (Male) |
| 21:17 | Create | Villager (Male) |
| 21:32 | Create | Unit 2626 |
| 21:40 | Create | Villager (Male) |
| 21:51 | Build | Farm |
| 22:10 | Research | Gold Mining |
| 22:22 | Create | Iron Pagoda |
| 22:45 | Create | Villager (Male) |
| 22:50 | Create | Villager (Male) |
| 22:55 | Create | Villager (Male) |
| 22:58 | Build | Lumber Camp |
| 23:37 | Create | Iron Pagoda |
| 23:38 | Create | Villager (Male) |
| 23:40 | Create | Villager (Male) |
| 23:44 | Create | Villager (Male) |
| 23:49 | Create | Villager (Male) |
| 23:53 | Create | Villager (Male) |
| 23:56 | Create | Villager (Male) |
| 24:01 | Create | War Wagon |
| 24:03 | Create | Villager (Male) |
| 24:06 | Create | Villager (Male) |
| 24:09 | Create | Villager (Male) |
| 24:34 | Create | Villager (Male) |
| 24:52 | Create | Villager (Male) |
| 25:07 | Build | Farm |
| 25:09 | Build | Farm |
| 25:11 | Build | Farm |
| 25:19 | Create | Villager (Male) |
| 25:27 | Create | Villager (Male) |
| 25:57 | Build | House |
| 26:12 | Create | Villager (Male) |
| 26:27 | Create | Villager (Male) |
| 26:30 | Create | Villager (Male) |
| 26:45 | Build | Market |
| 26:54 | Create | Villager (Male) |
| 27:01 | Build | Mining Camp |
| 27:29 | Create | Iron Pagoda |
| 27:45 | Create | War Wagon |
| 27:47 | Build | Farm |
| 27:49 | Build | Farm |
| 27:50 | Build | Farm |
| 27:54 | Build | Farm |
| 28:00 | Create | Iron Pagoda |
| 28:27 | Create | Villager (Male) |
| 28:32 | Create | Villager (Male) |
| 28:37 | Build | House |
| 28:39 | Build | House |
| 28:40 | Build | House |
| 28:47 | Create | Villager (Male) |
| 28:59 | Create | Villager (Male) |
| 29:04 | Create | Villager (Male) |
| 29:23 | Create | War Wagon |
| 29:24 | Create | Villager (Male) |
Build order — Carter Mc
First 150 of 404 actions detected
| 0:40 | Build | Town Center |
| 0:57 | Build | Dock |
| 0:58 | Build | House |
| 2:47 | Create | Villager (Male) |
| 2:48 | Create | Villager (Male) |
| 2:48 | Create | Villager (Male) |
| 2:48 | Create | Villager (Male) |
| 2:49 | Create | Villager (Male) |
| 4:14 | Create | Villager (Male) |
| 4:14 | Create | Villager (Male) |
| 4:20 | Create | Fishing Ship |
| 4:48 | Create | Villager (Male) |
| 4:48 | Create | Villager (Male) |
| 4:48 | Create | Villager (Male) |
| 5:05 | Build | House |
| 5:14 | Create | Villager (Male) |
| 5:14 | Create | Villager (Male) |
| 5:45 | Create | Villager (Male) |
| 5:45 | Create | Villager (Male) |
| 6:02 | Create | Fishing Ship |
| 6:03 | Create | Fishing Ship |
| 6:46 | Create | Villager (Male) |
| 6:46 | Create | Villager (Male) |
| 6:46 | Create | Villager (Male) |
| 6:49 | Build | House |
| 6:51 | Create | Villager (Male) |
| 6:51 | Create | Villager (Male) |
| 7:25 | Create | Villager (Male) |
| 7:26 | Create | Villager (Male) |
| 7:26 | Create | Villager (Male) |
| 7:43 | Create | Villager (Male) |
| 7:43 | Create | Villager (Male) |
| 7:43 | Create | Villager (Male) |
| 7:48 | Create | Fishing Ship |
| 7:48 | Create | Fishing Ship |
| 8:17 | Create | Villager (Male) |
| 8:21 | Build | House |
| 8:32 | Create | Fishing Ship |
| 8:33 | Create | Fishing Ship |
| 8:38 | Create | Villager (Male) |
| 9:03 | Create | Fishing Ship |
| 9:05 | Create | Villager (Male) |
| 9:06 | Create | Villager (Male) |
| 9:06 | Create | Villager (Male) |
| 9:49 | Build | Mill |
| 9:56 | Build | House |
| 10:41 | Build | Mining Camp |
| 10:49 | Research | Feudal Age |
| 11:05 | Create | Fishing Ship |
| 11:25 | Build | House |
| 12:23 | Build | Mining Camp |
| 12:26 | Create | Villager (Male) |
| 12:26 | Create | Villager (Male) |
| 13:06 | Age | Feudal Age |
| 13:18 | Build | Market |
| 13:24 | Research | Loom |
| 13:30 | Create | Unit 2626 |
| 13:44 | Create | Villager (Male) |
| 13:44 | Create | Villager (Male) |
| 14:04 | Build | Blacksmith |
| 14:38 | Create | Villager (Male) |
| 14:44 | Build | House |
| 15:08 | Build | House |
| 15:48 | Research | Castle Age |
| 15:59 | Build | Lumber Camp |
| 16:42 | Research | Double-Bit Axe |
| 17:13 | Build | Dock |
| 17:35 | Create | Villager (Male) |
| 17:36 | Create | Villager (Male) |
| 17:56 | Research | Tech 906 |
| 18:03 | Create | Fishing Ship |
| 18:03 | Create | Fishing Ship |
| 18:28 | Age | Castle Age |
| 18:31 | Build | Town Center |
| 18:35 | Create | Villager (Male) |
| 18:35 | Create | Villager (Male) |
| 19:10 | Create | Fishing Ship |
| 19:18 | Create | Transport Ship |
| 19:22 | Create | Fishing Ship |
| 19:29 | Create | Villager (Male) |
| 19:45 | Create | Villager (Male) |
| 19:46 | Create | Villager (Male) |
| 19:47 | Create | Villager (Male) |
| 19:47 | Create | Villager (Male) |
| 19:51 | Research | Bow Saw |
| 20:06 | Create | Villager (Male) |
| 20:06 | Create | Villager (Male) |
| 20:06 | Create | Villager (Male) |
| 20:33 | Create | Unit 2626 |
| 20:34 | Create | Fire Galley |
| 20:51 | Build | Castle |
| 20:52 | Create | Villager (Male) |
| 20:52 | Create | Villager (Male) |
| 20:52 | Create | Villager (Male) |
| 20:53 | Create | Villager (Male) |
| 21:03 | Create | Villager (Male) |
| 21:07 | Build | House |
| 21:09 | Build | House |
| 21:12 | Build | Farm |
| 21:13 | Build | Farm |
| 21:13 | Build | Farm |
| 21:13 | Build | Farm |
| 21:44 | Create | Fishing Ship |
| 21:45 | Create | Fishing Ship |
| 21:45 | Create | Fishing Ship |
| 21:53 | Create | Conquistador |
| 21:53 | Create | Conquistador |
| 21:54 | Create | Conquistador |
| 22:11 | Create | Villager (Male) |
| 22:12 | Create | Villager (Male) |
| 22:12 | Create | Villager (Male) |
| 22:12 | Create | Villager (Male) |
| 22:17 | Build | Barracks |
| 22:18 | Create | Villager (Male) |
| 22:18 | Create | Villager (Male) |
| 22:18 | Create | Villager (Male) |
| 23:04 | Create | Villager (Male) |
| 23:05 | Create | Villager (Male) |
| 23:05 | Create | Villager (Male) |
| 23:06 | Create | Villager (Male) |
| 23:06 | Create | Villager (Male) |
| 23:06 | Create | Villager (Male) |
| 23:16 | Build | Stable |
| 23:18 | Create | Conquistador |
| 23:41 | Create | Villager (Male) |
| 23:41 | Create | Villager (Male) |
| 23:41 | Create | Villager (Male) |
| 23:42 | Create | Villager (Male) |
| 23:45 | Build | Town Center |
| 24:16 | Build | Stable |
| 24:20 | Research | Scale Barding Armor |
| 24:23 | Research | Husbandry |
| 24:24 | Create | Villager (Male) |
| 24:24 | Create | Villager (Male) |
| 24:25 | Create | Villager (Male) |
| 24:25 | Create | Villager (Male) |
| 24:25 | Create | Villager (Male) |
| 24:32 | Research | Horse Collar |
| 24:34 | Build | Farm |
| 24:34 | Build | Farm |
| 24:34 | Build | Farm |
| 24:34 | Build | Farm |
| 24:35 | Build | Farm |
| 25:13 | Create | Knight |
| 25:13 | Create | Knight |
| 25:14 | Create | Knight |
| 25:17 | Create | Knight |
| 25:17 | Create | Knight |
| 25:52 | Create | Knight |
| 25:52 | Create | Knight |
Build order — friendly Alpaca
First 150 of 548 actions detected
| 0:04 | Build | Town Center |
| 0:41 | Build | Dock |
| 2:17 | Build | House |
| 2:29 | Create | Villager (Male) |
| 2:30 | Create | Villager (Male) |
| 2:30 | Create | Villager (Male) |
| 2:30 | Create | Villager (Male) |
| 2:30 | Create | Villager (Male) |
| 2:31 | Create | Villager (Male) |
| 2:36 | Create | Fishing Ship |
| 3:50 | Create | Fishing Ship |
| 4:08 | Build | House |
| 4:10 | Create | Villager (Male) |
| 4:10 | Create | Villager (Male) |
| 4:45 | Create | Fishing Ship |
| 4:47 | Create | Villager (Male) |
| 4:47 | Create | Villager (Male) |
| 5:17 | Research | Loom |
| 5:23 | Create | Fishing Ship |
| 5:23 | Create | Fishing Ship |
| 5:27 | Create | Villager (Male) |
| 5:31 | Build | House |
| 6:04 | Create | Villager (Male) |
| 6:05 | Create | Fishing Ship |
| 6:23 | Create | Fishing Ship |
| 6:32 | Create | Villager (Male) |
| 6:32 | Create | Villager (Male) |
| 6:40 | Build | House |
| 6:45 | Build | House |
| 7:00 | Create | Villager (Male) |
| 7:00 | Create | Villager (Male) |
| 7:04 | Create | Fishing Ship |
| 7:11 | Build | House |
| 7:24 | Create | Villager (Male) |
| 7:46 | Create | Fishing Ship |
| 7:47 | Create | Villager (Male) |
| 7:47 | Create | Villager (Male) |
| 8:02 | Build | Dock |
| 8:11 | Build | House |
| 8:12 | Create | Villager (Male) |
| 8:37 | Create | Villager (Male) |
| 8:38 | Create | Fishing Ship |
| 8:43 | Build | House |
| 8:51 | Create | Villager (Male) |
| 8:54 | Create | Fishing Ship |
| 9:14 | Create | Villager (Male) |
| 9:17 | Create | Fishing Ship |
| 9:17 | Create | Fishing Ship |
| 9:38 | Create | Fishing Ship |
| 9:38 | Create | Fishing Ship |
| 9:39 | Create | Villager (Male) |
| 9:40 | Create | Villager (Male) |
| 9:42 | Build | House |
| 10:02 | Create | Villager (Male) |
| 10:03 | Create | Fishing Ship |
| 10:03 | Create | Fishing Ship |
| 10:16 | Create | Fishing Ship |
| 10:16 | Create | Fishing Ship |
| 10:24 | Create | Villager (Male) |
| 10:47 | Create | Villager (Male) |
| 10:51 | Create | Fishing Ship |
| 10:55 | Build | House |
| 11:20 | Create | Villager (Male) |
| 11:30 | Build | Mining Camp |
| 11:32 | Create | Fishing Ship |
| 11:32 | Create | Fishing Ship |
| 11:46 | Create | Villager (Male) |
| 12:10 | Research | Feudal Age |
| 12:10 | Research | Feudal Age |
| 12:21 | Build | Lumber Camp |
| 12:38 | Build | Dock |
| 12:50 | Create | Villager (Male) |
| 12:58 | Create | Villager (Male) |
| 13:12 | Create | Villager (Male) |
| 14:02 | Create | Villager (Male) |
| 14:09 | Build | Mill |
| 14:15 | Age | Feudal Age |
| 14:22 | Create | Galley ×3 |
| 14:25 | Create | Villager (Male) |
| 14:29 | Build | House |
| 14:46 | Research | Double-Bit Axe |
| 14:47 | Create | Villager (Male) |
| 14:58 | Create | Villager (Male) |
| 15:06 | Build | Blacksmith |
| 15:23 | Research | Tech 906 |
| 15:36 | Create | Villager (Male) |
| 15:45 | Build | Market |
| 15:48 | Create | Villager (Male) |
| 15:59 | Research | Fletching |
| 16:01 | Build | House |
| 16:11 | Create | Galley |
| 16:12 | Create | Galley |
| 16:19 | Create | Villager (Male) |
| 16:23 | Create | Galley |
| 16:23 | Create | Galley |
| 16:31 | Create | Villager (Male) |
| 16:38 | Research | Castle Age |
| 16:48 | Build | House |
| 16:54 | Create | Galley ×2 |
| 16:54 | Create | Galley ×2 |
| 17:11 | Create | Villager (Male) |
| 17:18 | Create | Galley ×2 |
| 17:18 | Create | Galley ×2 |
| 17:49 | Create | Villager (Male) |
| 17:51 | Create | Galley ×3 |
| 17:52 | Create | Galley ×3 |
| 17:55 | Create | Villager (Male) |
| 18:02 | Build | House |
| 18:35 | Create | Villager (Male) |
| 18:35 | Create | Villager (Male) |
| 18:37 | Create | Galley ×3 |
| 19:04 | Age | Castle Age |
| 19:11 | Research | War Galley (upgrade) |
| 19:29 | Build | Town Center |
| 19:37 | Research | Bodkin Arrow |
| 19:57 | Create | Villager (Male) |
| 19:57 | Create | Villager (Male) |
| 20:02 | Build | Town Center |
| 20:29 | Create | Villager (Male) |
| 20:36 | Create | Villager (Male) |
| 20:36 | Create | Villager (Male) |
| 20:38 | Research | Bow Saw |
| 21:00 | Create | Villager (Male) |
| 21:01 | Create | Villager (Male) |
| 21:01 | Create | Villager (Male) |
| 21:15 | Create | Villager (Male) |
| 21:15 | Create | Villager (Male) |
| 21:16 | Create | Villager (Male) |
| 21:32 | Research | Horse Collar |
| 21:38 | Research | Wheelbarrow |
| 21:52 | Create | Villager (Male) |
| 21:52 | Create | Villager (Male) |
| 21:54 | Create | Villager (Male) |
| 21:55 | Create | Villager (Male) |
| 22:04 | Build | Town Center |
| 22:18 | Create | Villager (Male) |
| 22:18 | Create | Villager (Male) |
| 22:18 | Create | Villager (Male) |
| 22:21 | Create | Villager (Male) |
| 22:21 | Create | Villager (Male) |
| 22:43 | Build | House |
| 22:59 | Create | Villager (Male) |
| 22:59 | Create | Villager (Male) |
| 23:00 | Create | Villager (Male) |
| 23:00 | Create | Villager (Male) |
| 23:06 | Build | University |
| 23:13 | Create | Galley ×5 |
| 23:13 | Create | Galley ×5 |
| 23:13 | Create | Galley ×5 |
| 23:25 | Create | Villager (Male) |
Build order — TheNoobster
First 150 of 288 actions detected
| 0:10 | Build | Town Center |
| 0:55 | Build | Dock |
| 1:41 | Build | House |
| 2:41 | Create | Villager (Male) |
| 2:41 | Create | Villager (Male) |
| 2:41 | Create | Villager (Male) |
| 2:42 | Create | Villager (Male) |
| 3:54 | Create | Fishing Ship |
| 4:15 | Research | Loom |
| 4:15 | Research | Loom |
| 4:23 | Create | Villager (Male) |
| 4:24 | Create | Villager (Male) |
| 4:32 | Build | House |
| 5:00 | Create | Fishing Ship |
| 5:00 | Create | Fishing Ship |
| 5:45 | Create | Villager (Male) |
| 6:17 | Create | Fishing Ship |
| 6:22 | Create | Villager (Male) |
| 6:46 | Build | House |
| 6:55 | Create | Villager (Male) |
| 7:12 | Create | Villager (Male) |
| 7:46 | Create | Villager (Male) |
| 8:12 | Create | Villager (Male) |
| 8:37 | Create | Villager (Male) |
| 8:40 | Create | Fishing Ship |
| 9:00 | Create | Villager (Male) |
| 9:03 | Build | House |
| 9:13 | Build | House |
| 9:22 | Create | Fishing Ship |
| 9:30 | Create | Villager (Male) |
| 9:51 | Create | Villager (Male) |
| 10:23 | Create | Villager (Male) |
| 10:50 | Create | Villager (Male) |
| 11:04 | Create | Fishing Ship |
| 11:17 | Create | Villager (Male) |
| 11:19 | Build | Mill |
| 11:43 | Create | Villager (Male) |
| 12:19 | Build | Mining Camp |
| 12:22 | Research | Feudal Age |
| 13:33 | Build | House |
| 13:35 | Build | Palisade Wall |
| 14:25 | Create | Villager (Male) |
| 14:26 | Create | Villager (Male) |
| 14:32 | Age | Feudal Age |
| 14:36 | Build | Market |
| 14:39 | Build | Blacksmith |
| 14:51 | Build | Palisade Wall |
| 14:55 | Create | Villager (Male) |
| 15:07 | Create | Villager (Male) |
| 16:01 | Research | Castle Age |
| 16:01 | Research | Castle Age |
| 16:41 | Research | Fletching |
| 16:41 | Research | Fletching |
| 17:09 | Build | Lumber Camp |
| 17:38 | Build | House |
| 17:41 | Build | Palisade Wall |
| 18:08 | Research | Padded Archer Armor |
| 18:08 | Research | Padded Archer Armor |
| 18:41 | Age | Castle Age |
| 18:43 | Create | Villager (Male) |
| 18:55 | Research | Bodkin Arrow |
| 18:56 | Research | Bodkin Arrow |
| 19:00 | Build | University |
| 19:03 | Create | Villager (Male) |
| 19:08 | Build | Castle |
| 19:20 | Create | Villager (Male) |
| 19:44 | Create | Villager (Male) |
| 19:55 | Research | Double-Bit Axe |
| 19:55 | Research | Double-Bit Axe |
| 20:02 | Research | Horse Collar |
| 20:03 | Research | Horse Collar |
| 20:03 | Research | Horse Collar |
| 20:29 | Research | Ballistics |
| 20:30 | Create | Villager (Male) |
| 20:43 | Create | Villager (Male) |
| 20:47 | Create | Camel Archer |
| 21:16 | Research | Leather Archer Armor |
| 21:16 | Research | Leather Archer Armor |
| 21:17 | Create | Villager (Male) |
| 21:46 | Create | Villager (Male) |
| 22:06 | Create | Camel Archer |
| 22:13 | Create | Camel Archer |
| 22:14 | Create | Villager (Male) |
| 22:29 | Build | Barracks |
| 22:42 | Create | Camel Archer |
| 22:42 | Create | Villager (Male) |
| 23:03 | Create | Camel Archer |
| 23:12 | Create | Villager (Male) |
| 23:21 | Create | Camel Archer |
| 23:44 | Create | Camel Archer |
| 23:44 | Create | Camel Archer |
| 23:49 | Create | Villager (Male) |
| 24:10 | Create | Camel Archer |
| 24:16 | Build | Stable |
| 24:17 | Create | Villager (Male) |
| 24:37 | Create | Villager (Male) |
| 24:43 | Build | Lumber Camp |
| 24:45 | Create | Villager (Male) |
| 25:16 | Research | Husbandry |
| 25:17 | Research | Husbandry |
| 25:18 | Create | Villager (Male) |
| 25:43 | Create | Villager (Male) |
| 25:48 | Build | Farm |
| 25:49 | Build | Farm |
| 25:57 | Create | Villager (Male) |
| 26:11 | Build | Town Center |
| 26:14 | Create | Villager (Male) |
| 26:15 | Create | Camel Archer |
| 26:15 | Create | Camel Archer |
| 26:33 | Create | Villager (Male) |
| 26:38 | Create | Camel Archer |
| 26:38 | Create | Camel Archer |
| 26:48 | Research | Bloodlines |
| 26:48 | Research | Bloodlines |
| 26:50 | Build | Archery Range |
| 26:51 | Create | Villager (Male) |
| 27:06 | Create | Camel Archer |
| 27:16 | Build | House |
| 27:47 | Create | Villager (Male) |
| 27:56 | Research | Thumb Ring |
| 27:57 | Create | Villager (Male) |
| 28:08 | Build | Farm |
| 28:10 | Research | Heavy Plow |
| 28:10 | Research | Heavy Plow |
| 28:14 | Build | Farm |
| 28:15 | Create | Villager (Male) |
| 28:19 | Create | Camel Archer |
| 28:19 | Create | Villager (Male) |
| 28:31 | Build | Farm |
| 28:33 | Build | Farm |
| 28:34 | Build | Farm |
| 28:35 | Create | Camel Archer |
| 28:35 | Create | Villager (Male) |
| 28:42 | Create | Villager (Male) |
| 29:01 | Build | House |
| 29:02 | Build | House |
| 29:26 | Research | Wheelbarrow |
| 29:27 | Research | Wheelbarrow |
| 29:40 | Build | Farm |
| 29:41 | Build | Farm |
| 29:53 | Create | Villager (Male) |
| 29:53 | Create | Villager (Male) |
| 29:55 | Build | House |
| 29:56 | Create | Villager (Male) |
| 30:07 | Build | Town Center |
| 30:24 | Create | Camel Archer |
| 30:24 | Create | Camel Archer |
| 30:25 | Create | Villager (Male) |
| 30:38 | Build | Farm |
| 30:39 | Build | Farm |
Match timeline
| 0:41 | friendly Alpaca · first_building Dock |
| 0:55 | 自由人生 · first_building Dock |
| 0:55 | TheNoobster · first_building Dock |
| 0:57 | Carter Mc · first_building Dock |
| 1:05 | Simp Bizkit · first_building Dock |
| 1:17 | chiken · first_building Dock |
| 2:04 | RVN_twitch.tv/WES_XL · first_building Dock |
| 2:28 | VinceVinVin · first_building Dock |
| 7:04 | RVN_twitch.tv/WES_XL · wall_segment Palisade Wall x1 |
| 7:39 | RVN_twitch.tv/WES_XL · wall_segment Palisade Wall x1 |
| 9:32 | Simp Bizkit · wall_segment Palisade Wall x1 |
| 9:33 | Simp Bizkit · wall_segment Palisade Wall x1 |
| 10:27 | VinceVinVin · first_building Barracks |
| 11:37 | VinceVinVin · age_up feudal |
| 11:45 | VinceVinVin · first_building Archery Range |
| 12:31 | Simp Bizkit · wall_segment Palisade Wall x1 |
| 12:37 | Simp Bizkit · wall_segment Palisade Wall x1 |
| 12:40 | Simp Bizkit · age_up feudal |
| 13:06 | Carter Mc · age_up feudal |
| 13:19 | chiken · age_up feudal |
| 13:33 | Simp Bizkit · wall_segment Palisade Wall x1 |
| 13:35 | Simp Bizkit · wall_segment Palisade Wall x1 |
| 13:35 | TheNoobster · wall_segment Palisade Wall x2 |
| 14:00 | 自由人生 · age_up feudal |
| 14:15 | friendly Alpaca · age_up feudal |
| 14:28 | chiken · first_market_buy 100 wood |
| 14:32 | TheNoobster · age_up feudal |
| 14:44 | Simp Bizkit · wall_segment Palisade Wall x1 |
| 14:49 | Simp Bizkit · wall_segment Palisade Wall x1 |
| 14:51 | TheNoobster · wall_segment Palisade Wall x2 |
| 14:51 | Simp Bizkit · wall_segment Palisade Wall x1 |
| 14:54 | Simp Bizkit · wall_segment Palisade Wall x1 |
| 14:57 | RVN_twitch.tv/WES_XL · age_up feudal |
| 15:15 | chiken · wall_segment Palisade Wall x1 |
| 15:21 | chiken · wall_segment Palisade Wall x1 |
| 16:04 | 自由人生 · first_market_sell 100 stone |
| 16:31 | 自由人生 · first_market_buy 100 food |
| 17:10 | chiken · wall_segment Palisade Wall x1 |
| 17:12 | chiken · wall_segment Palisade Wall x1 |
| 17:24 | chiken · wall_segment Palisade Wall x1 |
| 17:26 | chiken · wall_segment Palisade Wall x1 |
| 17:41 | TheNoobster · wall_segment Palisade Wall x6 |
| 17:54 | Simp Bizkit · first_market_sell 100 wood |
| 17:55 | Simp Bizkit · first_market_buy 100 food |
| 18:28 | Carter Mc · age_up castle |
| 18:36 | chiken · age_up castle |
| 18:41 | TheNoobster · age_up castle |
| 18:42 | Simp Bizkit · wall_segment Palisade Wall x1 |
| 18:43 | Simp Bizkit · wall_segment Palisade Wall x1 |
| 18:47 | Simp Bizkit · wall_segment Palisade Wall x1 |
| 19:04 | friendly Alpaca · age_up castle |
| 19:08 | TheNoobster · first_building Castle |
| 19:09 | friendly Alpaca · first_market_sell 100 food |
| 19:16 | 自由人生 · age_up castle |
| 19:26 | 自由人生 · first_building Castle |
| 20:49 | Simp Bizkit · age_up castle |
| 20:51 | Carter Mc · first_building Castle |
| 20:54 | Simp Bizkit · first_building Castle |
| 21:00 | 自由人生 · first_building Siege Workshop |
| 21:14 | Simp Bizkit · first_building Siege Workshop |
| 21:15 | TheNoobster · first_market_sell 100 food |
| 22:17 | Carter Mc · first_building Barracks |
| 22:22 | RVN_twitch.tv/WES_XL · age_up castle |
| 22:29 | TheNoobster · first_building Barracks |
| 22:32 | RVN_twitch.tv/WES_XL · first_market_buy 100 wood |
| 22:47 | chiken · first_building Siege Workshop |
| 23:16 | Carter Mc · first_building Stable |
| 24:08 | RVN_twitch.tv/WES_XL · first_market_sell 100 food |
| 24:16 | TheNoobster · first_building Stable |
| 24:22 | RVN_twitch.tv/WES_XL · first_building Castle |
| 25:28 | VinceVinVin · first_market_buy 100 food |
| 26:03 | Carter Mc · first_market_buy 100 food |
| 26:21 | RVN_twitch.tv/WES_XL · first_building Monastery |
| 26:50 | TheNoobster · first_building Archery Range |
| 27:20 | friendly Alpaca · first_building Castle |
| 27:44 | friendly Alpaca · first_market_buy 100 food |
| 27:52 | chiken · first_market_sell 100 stone |
| 27:55 | Carter Mc · first_market_sell 100 wood |
| 28:13 | VinceVinVin · age_up castle |
| 31:37 | RVN_twitch.tv/WES_XL · wall_segment Stone Wall x1 |
| 33:37 | TheNoobster · first_market_buy 100 food |
| 33:54 | friendly Alpaca · first_building Barracks |
| 33:57 | RVN_twitch.tv/WES_XL · first_building Siege Workshop |
| 34:55 | friendly Alpaca · age_up imperial |
| 35:20 | RVN_twitch.tv/WES_XL · first_building Barracks |
| 36:02 | friendly Alpaca · first_building Stable |
| 36:32 | friendly Alpaca · tribute_sent a jugador 1 |
| 36:32 | friendly Alpaca · tribute_sent a jugador 2 |
| 36:32 | friendly Alpaca · tribute_sent a jugador 3 |
| 36:32 | friendly Alpaca · tribute_sent a jugador 4 |
| 36:32 | friendly Alpaca · tribute_sent a jugador 5 |
| 36:32 | friendly Alpaca · tribute_sent a jugador 7 |
| 36:32 | friendly Alpaca · tribute_sent a jugador 8 |
| 37:12 | RVN_twitch.tv/WES_XL · wall_segment Stone Wall x11 |
| 37:18 | RVN_twitch.tv/WES_XL · wall_segment Stone Wall x2 |
| 37:22 | TheNoobster · age_up imperial |
| 37:31 | RVN_twitch.tv/WES_XL · wall_segment Stone Wall x2 |
| 37:32 | friendly Alpaca · wall_segment Palisade Wall x6 |
| 37:35 | Simp Bizkit · wall_segment Palisade Wall x1 |
| 37:41 | VinceVinVin · first_building Castle |
| 37:54 | VinceVinVin · first_building Monastery |
| 38:01 | friendly Alpaca · wall_segment Palisade Wall x1 |
| 38:18 | Simp Bizkit · wall_segment Stone Wall x6 |
| 38:19 | Carter Mc · age_up imperial |
| 38:29 | Simp Bizkit · wall_segment Stone Wall x4 |
| 39:19 | RVN_twitch.tv/WES_XL · wall_segment Stone Wall x1 |
| 39:43 | Simp Bizkit · age_up imperial |
| 39:50 | chiken · first_building Castle |
| 40:03 | RVN_twitch.tv/WES_XL · age_up imperial |
| 40:18 | RVN_twitch.tv/WES_XL · resign |
| 40:36 | 自由人生 · first_building Barracks |
| 41:23 | VinceVinVin · first_market_sell 100 food |
| 41:32 | 自由人生 · age_up imperial |
| 41:34 | friendly Alpaca · tribute_sent a jugador 1 |
| 41:34 | friendly Alpaca · tribute_sent a jugador 2 |
| 41:34 | friendly Alpaca · tribute_sent a jugador 3 |
| 41:34 | friendly Alpaca · tribute_sent a jugador 4 |
| 41:34 | friendly Alpaca · tribute_sent a jugador 5 |
| 41:34 | friendly Alpaca · tribute_sent a jugador 7 |
| 41:34 | friendly Alpaca · tribute_sent a jugador 8 |
| 46:06 | Simp Bizkit · wall_segment Palisade Wall x6 |
| 47:47 | Simp Bizkit · wall_segment Palisade Wall x3 |
| 47:50 | Simp Bizkit · wall_segment Palisade Wall x4 |
[ AI ANALYSIS · 1 CREDIT ]
What really happened in this match?
Wolo.gg analyzes every decision: build order, eco, micro, common mistakes by bracket. Personalized analysis on WhatsApp or Discord in 30 seconds.
Civ guide
Maya
Perfil
Jugador #5527436